 Dungeon Crawl Stone Soup version 0.30-a0-949-g53dc5368d7 (webtiles) character file.

Game seed: 17579700301652716423

1369 Dirtsage the Cleaver (level 8, -1/58 HPs)
             Began as a Demonspawn Fighter on Mar 27, 2023.
             Slain by an orc warrior
             ... wielding a +0 scimitar
              (10 damage)
             ... on level 6 of the Dungeon.
             The game lasted 00:08:28 (4453 turns).

Dirtsage the Cleaver (Demonspawn Fighter)           Turns: 4453, Time: 00:08:29

Health: -1/58      AC:  9    Str: 19    XL:     8   Next: 38%
Magic:  0/8        EV:  9    Int:  9    God:
Gold:   389        SH:  4    Dex:  9    Spells: 7/7 levels left

rFire   . . .      SeeInvis .    j - +5 hand axe "Hydraslayer" {freeze, rElec rC+ Will+ Dex-4}
rCold   + . .      Faith    .    c - +0 buckler
rNeg    . . .      Spirit   +    b - +0 scale mail
rPois   .          Reflect  .    v - +2 helmet
rElec   +          Rampage  .    (no cloak)
rCorr   .                        (no gloves)
Will    ++...                    (no boots) Stlth
                                 E - amulet of guardian spirit
HPRegen 0.29/turn                W - ring of wizardry
MPRegen 0.22/turn                D - ring of willpower

@: about to teleport
A: spiny 2, magic regeneration
a: no special abilities


You were on level 6 of the Dungeon.
You visited 2 branches of the dungeon, and saw 7 of its levels.

You collected 389 gold pieces.

Inventory:

Hand Weapons
 a - a +0 war axe
 j - the +5 hand axe "Hydraslayer" (weapon) {freeze, rElec rC+ Will+ Dex-4}
   (You found it on level 3 of the Dungeon)

   Dex:       It affects your dexterity (-4).
   rC:        It protects you from cold.
   rElec:     It insulates you from electricity.
   Will:      It increases your willpower.
 B - the +6 whip "Giantslayer" {spect, rPois}
   (You found it on level 4 of the Dungeon)

   rPois:     It protects you from poison.
Missiles
 y - a throwing net (quivered)
Armour
 b - a +0 scale mail (worn)
 c - a +0 buckler (worn)
 v - a +2 helmet (worn)
 C - a +0 kite shield
Jewellery
 u - an amulet of faith
 D - a ring of willpower (right hand)
 E - an amulet of guardian spirit (around neck)
 W - a ring of wizardry (left hand)
Wands
 F - a wand of quicksilver (3)
Scrolls
 e - 5 scrolls of identify {unknown}
 i - a scroll of enchant weapon {unknown}
 o - 2 scrolls of acquirement {unknown}
 s - 3 scrolls of silence {unknown}
 t - 2 scrolls of teleportation
 x - a scroll of amnesia {unknown}
 A - a scroll of fear {unknown}
Potions
 d - 3 potions of might
 f - a potion of magic {unknown}
 g - 3 potions of mutation {unknown}
 h - 3 potions of curing {unknown}
 k - 2 potions of invisibility {unknown}
 l - 2 potions of haste {unknown}
 m - a potion of ambrosia {unknown}
 n - a potion of lignification {unknown}
 p - a potion of attraction {unknown}
 q - a potion of heal wounds {unknown}
 r - a potion of brilliance {unknown}
 w - a potion of resistance {unknown}
 z - a potion of flight {unknown}


   Skills:
 - Level 3.0 Fighting
 + Level 9.7 Axes
 - Level 2.6 Armour
 - Level 2.6 Shields


You had 7 spell levels left.
You didn't know any spells.
Your spell library contained the following spells:

 Spells                   Type           Power      Damage    Failure   Level
 Foxfire                  Conj/Fire      0%         2x1d4     52%         1
 Hailstorm                Conj/Ice       0%         3d3       86%         3
 Ice Form                 Ice/Tmut       0%         N/A       99%         4
 Fireball                 Conj/Fire      0%         3d3       100%        5
 Simulacrum               Ice/Necr       0%         N/A       100%        6
 Starburst                Conj/Fire      0%         6d3       100%        6


Dungeon Overview and Level Annotations

Branches:
Dungeon (6/15)             Temple (1/1) D:5

Altars:
Ashenzari
Dithmenos
Fedhas
Gozag
Kikubaaqudgha
Nemelex Xobeh
Okawaru
Qazlal
Ru
Sif Muna
Trog
Uskayaw
Vehumet
Yredelemnul


Innate Abilities, Weirdness & Mutations

You are mostly covered in sharp spines.
You regenerate magic rapidly.


Message History

The iguana moves out of view.
You hit the orc. You freeze the orc.
You kill the orc!
An iguana comes into view.
A troll opens the door.
An ice beast, an orc wizard, an orc and an ogre come into view.
The orc wizard shouts!
The orc shouts!
The orc wizard casts a spell.
The orc wizard flickers and vanishes!
Deactivating autopickup; reactivate with Ctrl-A.
The orc warrior hits you with a +0 scimitar!
There is an open door, spattered with blood here.
Items here: ) [ ††.
You take 7 damage, and have 31/58 hp.
You now have 5/8 mp.
You closely miss the orc warrior. You closely miss the ufetubus.
The ufetubus hits you but does no damage.
The ufetubus barely misses you. The orc warrior closely misses you.
The ufetubus barely misses you. The ufetubus hits you.
You take 2 damage, and have 29/58 hp.
You hit the orc warrior but do no damage.
You hit the ufetubus. You freeze the ufetubus.
The ufetubus is struck by your spines.
You kill the ufetubus!
The orc warrior hits you with a +0 scimitar!
* * * LOW HITPOINT WARNING * * *
You take 14 damage, and have 15/58 hp.
MASSIVE DAMAGE!!
You now have 4/8 mp.
You hit the orc warrior. You freeze the orc warrior.
The orc warrior is lightly wounded.
You hit the iguana.
The iguana seems to slow down.
You freeze the iguana.
The orc warrior is struck by your spines.
The orc warrior hits you with a +0 scimitar!
* * * LOW HITPOINT WARNING * * *
You take 6 damage, and have 9/58 hp.
You now have 3/8 mp.
As you read the scroll labelled LUOTUN YWEGO, it crumbles to dust.
You feel strangely unstable.
It was a scroll of teleportation.
t - 2 scrolls of teleportation
j - the +5 hand axe "Hydraslayer" (weapon)
{freeze, rElec rC+ Will+ Dex-4} The iguana is struck by your spines.
The iguana barely misses you.
The orc warrior hits you with a +0 scimitar!
You die...

..#.....#.# .....
......#...##.....#
......###......... ...
.................. .##.# ...
.....#..####.....####...#.(.
.[. .....#..#
#...##.?#.......# ...
#.....>.# #.##...#.......# .
#....<..## #.#o..##........
#........## +#.#@.##.........
....))....###..l###..........
....).........8............##
..>...#...###O..###.........#
......#..##Y'#.#' ##.........#
......#.##..o#.#l ##.........
.#......#...##.##. #.........
....##..#?.##...## #.#.......
##.####.####.....####.#.[.....


You could see an orc warrior, an ice beast, an ogre, an iguana (slow) and an
orc.

Vanquished Creatures
  A steam dragon (D:6)
  An ice beast (D:6)
  3 ogres
  A phantom (D:4)
  A bullfrog (D:6)
  A gnoll sergeant (D:5)
  A howler monkey (D:5)
  2 hounds
  3 jellies
  3 orc priests
  2 iguanas (D:5)
  4 orc wizards
  12 gnolls
  6 adders
  A shadow imp (D:4)
  3 ufetubi
  2 worms (D:2)
  13 orcs
  A bat (D:2)
  4 endoplasms
  3 giant cockroaches
  6 goblins
  4 hobgoblins
  9 kobolds
  4 quokkas
  7 ball pythons
  2 frilled lizards
  3 rats
103 creatures vanquished.

Vanquished Creatures (others)
  A dart slug (D:4)
1 creature vanquished.

Grand Total: 104 creatures vanquished

Notes
Turn   | Place    | Note
-------+----------+-------------------------------------------
     0 | D:1      | Dirtsage the Demonspawn Fighter began the quest for the
                  | Orb.
     0 | D:1      | Reached XP level 1. HP: 18/18 MP: 1/1
    71 | D:1      | Reached skill level 2 in Axes
   175 | D:1      | Gained mutation: You are partially covered in sharp spines.
                  | [demonic ancestry]
   175 | D:1      | Reached XP level 2. HP: 24/24 MP: 2/2
   435 | D:1      | Found a faded altar of an unknown god.
   798 | D:2      | Reached skill level 3 in Axes
   934 | D:2      | Gained mutation: You regenerate magic rapidly. [demonic
                  | ancestry]
   934 | D:2      | Reached XP level 3. HP: 29/29 MP: 3/3
  1181 | D:2      | Reached XP level 4. HP: 35/35 MP: 4/4
  1183 | D:2      | Reached skill level 4 in Axes
  1767 | D:3      | Identified the +5 hand axe "Hydraslayer" {freeze, rElec rC+
                  | Will+ Dex-4}
  2032 | D:3      | Found a broken altar of Ashenzari.
  2054 | D:3      | Reached XP level 5. HP: 37/41 MP: 5/5
  2055 | D:3      | Reached skill level 5 in Axes
  2316 | D:4      | Reached XP level 6. HP: 47/47 MP: 6/6
  2456 | D:4      | Identified the +6 whip "Giantslayer" {spect, rPois}
  2498 | D:4      | Found a basalt altar of Yredelemnul.
  2509 | D:4      | Noticed an angel
  2515 | D:4      | Noticed a profane servitor
  2649 | D:4      | Reached skill level 6 in Axes
  2910 | D:5      | Entered Level 5 of the Dungeon
  2939 | D:5      | Reached skill level 7 in Axes
  2939 | D:5      | Gained mutation: You are mostly covered in sharp spines.
                  | [demonic ancestry]
  2939 | D:5      | Reached XP level 7. HP: 12/52 MP: 7/7
  3557 | D:5      | Found a blossoming altar of Fedhas.
  3581 | D:5      | Reached skill level 8 in Axes
  3736 | D:5      | Found a staircase to the Ecumenical Temple.
  3745 | Temple   | Entered the Ecumenical Temple
  4144 | D:6      | Found an iron altar of Okawaru.
  4282 | D:6      | Reached XP level 8. HP: 49/58 MP: 8/8
  4394 | D:6      | Reached skill level 9 in Axes
  4449 | D:6      | Noticed a troll
  4453 | D:6      | Slain by an orc warrior

Illustrated notes

Levels and vault maps discovered:
D:1:      wheals_arrival_linesprint, layout_rooms,
          nicolae_ecumenical_lake_church, minmay_bisected
D:2:      layout_basic
D:3:      layout_rooms, nicolae_ashenzari_skybound
D:4:      layout_rooms, grunt_temple_overflow_holy_war, minivault_5
D:5:      layout_cave_pools, fedhas_altar_1, kennysheep_mini, temple_fountains
D:6:      cheibrodos_barr_body, layout_cave_pools, okawaru_gym_becter,
          serial_column_ruins, column_ruins_hut, column_ruins_corridor_straight,
          column_ruins_columns_straight, column_ruins_grid_3,
          column_ruins_grid_3, column_ruins_open_tiny_water,
          column_ruins_grid_3, dreamdust_wishing_well, grunt_ministairs_12,
          uniq_menkaure, uniq_blork_the_orc
Temple:   grunt_temple_mini_profane

Skill      XL: |  1  2  3  4  5  6  7  8 |
---------------+-------------------------+-----
Axes           | 2 3 4 5 7 8 9 |  9.7
Fighting       | |  3.0
Armour         | |  2.6
Shields        | |  2.6

Action                     |  1- 3 |  4- 6 |  7- 9 || total
---------------------------+-------+-------+-------++-------
  Melee: War axe           |    66 |    20 |       ||    86
         Hand axe          |       |    68 |    93 ||   161
    Use: Scroll            |       |       |     1 ||     1
 Armour: Scale mail        |    22 |    22 |    25 ||    69
  Dodge: Dodged            |    15 |    24 |    31 ||    70
  Block: Buckler           |    12 |    11 |    19 ||    42

Table legend: (Time is in decaauts)
 A = Elapsed time spent in this place.
 B = Non-inter-level travel time spent in this place.
 C = Inter-level travel time spent in this place.
 D = Time resting spent in this place.
 E = Time spent auto-exploring this place.
 F = Levels seen in this place.
 G = Mean time per level.
                   A        B        C        D        E       F      G
               +--------+--------+--------+--------+--------+-----+--------+
         Total |   4490 |   4285 |    205 |    331 |   3236 |   7 |  641.4 |
       Dungeon |   4280 |   4098 |    182 |    331 |   3051 |   6 |  713.3 |
        Temple |    209 |    186 |     23 |      0 |    185 |   1 |  209.0 |
               +--------+--------+--------+--------+--------+-----+--------+

Top non-repeatable levels by time:
     D:4: 1013 daAuts
     D:2: 953 daAuts
     D:1: 822 daAuts
     D:5: 657 daAuts
     D:3: 526 daAuts
     D:6: 307 daAuts
  Temple: 209 daAuts
